 Dungeon Crawl Stone Soup version 0.19-a0-1905-ge8b2aad (webtiles) character file.

866 Morenatsu the Carver (level 8, -7/46 HPs)
             Began as a Tengu Monk on Oct 21, 2016.
             Was a Believer of Okawaru.
             Mangled by an orc warrior
             ... wielding a +0 dire flail
              (21 damage)
             ... on level 6 of the Dungeon.
             The game lasted 00:12:59 (5938 turns).

Morenatsu the Carver (Tengu Monk)                   Turns: 5938, Time: 00:13:00

Health: -7/46      AC:  6    Str: 11    XL:     8   Next: 3%
Magic:  9/9        EV: 20    Int: 11    God:    Okawaru [**....]
Gold:   241        SH:  0    Dex: 19    Spells: 0 memorised, 7 levels left

rFire  . . .     SeeInvis .     a - +1 falchion
rCold  . . .     Gourm    .     l - +0 leather armour
rNeg   . . .     Faith    .     (no shield)
rPois  .         Spirit   .     (helmet restricted)
rElec  .         Reflect  .     d - +2 cloak
rCorr  .         Harm     .     (no gloves)
MR     .....                    (boots unavailable)
Stlth  ++........               (no amulet)
                                (no ring)
                                r - +4 ring of evasion

@: no status effects
A: beak, talons 3, able to fly 1
a: Fly, Heroism, Renounce Religion


You were on level 6 of the Dungeon.
You worshipped Okawaru.
Okawaru was pleased with you.
You were not hungry.

You visited 2 branches of the dungeon, and saw 7 of its levels.

You collected 241 gold pieces.

Inventory:

Hand Weapons
 a - a +1 falchion (weapon)
Armour
 b - a +0 robe
 d - a +2 cloak (worn)
 l - a +0 leather armour (worn)
Jewellery
 r - a +4 ring of evasion (left hand)
Wands
 u - a wand of paralysis (2/24)
 y - a wand of confusion (23/48)
Scrolls
 j - 3 scrolls of remove curse
 k - a scroll of fear
 m - a scroll of recharging
 q - a scroll of amnesia
Potions
 e - a potion of brilliance
 f - 2 potions of flight
 g - 2 potions of lignification
 i - a potion of berserk rage {unknown}
 p - 3 potions of haste
 s - a potion of agility
 v - a potion of resistance {unknown}
 x - a potion of cure mutation {unknown}
Books
 n - a book of Necromancy

   Spells                             Type                      Level
   a - Pain                           Necromancy                   1
   b - Animate Skeleton               Necromancy                   1
   c - Vampiric Draining              Necromancy                   3
   d - Regeneration                   Charms/Necromancy            3
   e - Animate Dead                   Necromancy                   4
   f - Control Undead                 Necromancy                   4
Comestibles
 c - 5 bread rations
 h - 3 meat rations
 o - 2 chunks of flesh
 t - 5 fruits
 w - a slice of pizza
 z - a beef jerky


   Skills:
 - Level 3.0 Fighting
 - Level 8.2 Long Blades
 - Level 1.0 Armour
 + Level 6.7 Dodging
 - Level 2.0 Stealth


You had 7 spell levels left.
You didn't know any spells.

Dungeon Overview and Level Annotations

Branches:
Dungeon (6/15)             Temple (1/1) D:6

Altars:
Cheibriados
Dithmenos
Fedhas
Hepliaklqana
Kikubaaqudgha
Makhleb
Nemelex Xobeh
Okawaru
Qazlal
Trog
Uskayaw
Xom
The Shining One

Annotations:
D:6 Sigmund


Innate Abilities, Weirdness & Mutations

You have a beak for a mouth.
You have claws for feet.
You can fly.


Message History

You claw the orc warrior, but do no damage.
The orc warrior is heavily wounded.
The orc closely misses you.
You hit the orc warrior.
You claw the orc warrior, but do no damage.
You peck the orc warrior, but do no damage.
The orc warrior is severely wounded.
The orc warrior closely misses you. The orc hits you but does no damage.
You closely miss the orc warrior.
The orc warrior is severely wounded.
The orc hits you. The orc warrior misses you.
You closely miss the orc warrior. Your kick misses the orc warrior.
The orc warrior is severely wounded.
The orc misses you. The orc warrior misses you.
You hit the orc warrior but do no damage.
You claw the orc warrior, but do no damage.
The orc warrior is severely wounded.
The orc hits you but does no damage.
The orc warrior hits you with a dire flail!!
You die...

##......######....##
##........##.....#.##
#.....)..<...#####..#
#...........## ##.#
#...........# #..
#...........# #..
#..........## ##?
##........## #.
*#.o@.....#* #.
#..o)......# #.
#..........# #.
#..........# #.
#..........# #.
#....?.....# *#.
##........## *****..
##......## *,,,,,,
******** *>,,,,,


You could see an orc warrior and an orc.

Vanquished Creatures
  A phantom (D:4)
  A sky beast (D:5)
  A centaur (D:5)
  An ogre (D:6)
  A crimson imp (D:6)
  A bullfrog zombie (D:6)
  2 hounds
  3 orc wizards (D:6)
  2 iguanas
  A worker ant (D:6)
  A hound skeleton (D:5)
  A hound zombie (D:6)
  6 adders
  A gnoll (D:1)
  2 river rats (D:3)
  A shadow imp (D:5)
  An ooze (D:5)
  An adder skeleton (D:4)
  8 worms
  5 dart slugs
  3 leopard geckos
  6 orcs
  A ball python (D:1)
  6 giant cockroaches
  5 goblins
  4 hobgoblins
  5 jackals
  4 quokkas
  6 bats
  6 frilled lizards
  A jackal zombie (D:5)
  7 kobolds
  6 rats
101 creatures vanquished.

Notes
Turn   | Place    | Note
-------+----------+-------------------------------------------
     0 | D:1      | Morenatsu the Tengu Monk began the quest for the Orb.
     0 | D:1      | Reached XP level 1. HP: 14/14 MP: 2/2
   137 | D:1      | Reached skill level 4 in Long Blades
   137 | D:1      | Reached XP level 2. HP: 7/19 MP: 3/3
   562 | D:1      | Reached XP level 3. HP: 23/23 MP: 4/4
  1312 | D:2      | Found a faded altar of an unknown god.
  1321 | D:2      | Reached skill level 5 in Long Blades
  1368 | D:2      | Reached XP level 4. HP: 25/28 MP: 5/5
  2008 | D:2      | Found a snail-covered altar of Cheibriados.
  2277 | D:3      | Reached skill level 1 in Armour
  2277 | D:3      | Gained mutation: You can fly. [Tengu growth]
  2277 | D:3      | Reached XP level 5. HP: 32/32 MP: 6/6
  2701 | D:3      | Reached skill level 6 in Long Blades
  3422 | D:4      | Found a burning altar of Makhleb.
  3691 | D:4      | Noticed a phantom
  3738 | D:4      | Killed a phantom
  3738 | D:4      | Reached skill level 7 in Long Blades
  3738 | D:4      | Reached XP level 6. HP: 20/37 MP: 7/7
  3911 | D:5      | Entered Level 5 of the Dungeon
  3971 | D:5      | Found a hide-covered altar of Uskayaw.
  3990 | D:5      | Noticed a sky beast
  4005 | D:5      | Killed a sky beast
  4005 | D:5      | Reached skill level 8 in Long Blades
  4393 | D:5      | Reached XP level 7. HP: 41/41 MP: 8/8
  4727 | D:5      | Found a sparkling altar of Nemelex Xobeh.
  5155 | D:6      | Reached skill level 5 in Dodging
  5518 | D:6      | Found a staircase to the Ecumenical Temple.
  5528 | D:6      | Noticed Sigmund
  5535 | Temple   | Entered the Ecumenical Temple
  5576 | Temple   | Became a worshipper of Warmaster Okawaru
  5576 | Temple   | Reached * piety under Okawaru
  5576 | Temple   | Reached ** piety under Okawaru
  5783 | D:6      | Reached XP level 8. HP: 44/46 MP: 9/9
  5938 | D:6      | Mangled by an orc warrior

Vault maps used:
D:1:      dpeg_arrival_arbitrary_b, minmay_misc_feat_nine_boxes
D:2:      cheibriados_altar_1, ecumenical_altar_1
D:3:      gup_sewer_entry_bubbles
D:4:      makhleb_heckhound_becter, first_bread
D:5:      marbit_many_paths, old_standard_altar, nrook_mini_vaults
D:6:      uniq_sigmund
Temple:   jpeg_temple_island

Skill      XL: |  1  2  3  4  5  6  7 |
---------------+----------------------+-----
Long Blades    | 4 5 7 8 |  8.2
Armour         | 1 |  1.0
Dodging        | 6 |  6.7
Fighting       | |  3.0
Stealth        | |  2.0

Action                   |  1- 3 |  4- 6 |  7- 9 || total
-------------------------+-------+-------+-------++-------
Melee: Falchion          |    57 |   201 |    99 ||   357
       Kick              |    17 |    54 |    44 ||   115
       Peck              |    12 |    38 |    31 ||    81
 Abil: Fly               |       |       |     1 ||     1
  Use: Scroll            |     5 |     6 |     5 ||    16
       Potion            |       |     4 |     1 ||     5
 Stab: Sleeping          |     2 |    10 |       ||    12
  Eat: Chunk             |     1 |     9 |     7 ||    17
Armor: Robe              |     7 |     4 |       ||    11
       Leather armour    |       |    25 |    20 ||    45
Dodge: Dodged            |    38 |   105 |   103 ||   246
       Rpst.: Falchion   |    17 |    37 |    37 ||    91
